 Dungeon Crawl Stone Soup version 0.28-a0-258-g8de209e91f (webtiles) character file.

Game seed: 8598816910845989268

46 robertstho the Magician (level 3, 0/27 HPs)
             Began as a Djinni Fire Elementalist on Aug 26, 2021.
             Slain by a hobgoblin (6 damage)
             ... led by Robin
             ... on level 2 of the Dungeon.
             The game lasted 00:02:24 (2529 turns).

robertstho the Magician (Djinni Fire Elementalist)  Turns: 2529, Time: 00:02:26

Health: 0/27       AC:  2    Str:  7    XL:     3   Next: 95%
Gold:   83         EV: 12    Int: 17    God:
                   SH:  0    Dex: 13

rFire   + + .      SeeInvis .   f - +0 dagger
rCold   x . .      Faith    .   (no shield)
rNeg    . . .      Spirit   .   a - +0 robe
rPois   ∞          Reflect  .   (no helmet)
rElec   .          Harm     .   (no cloak)
rCorr   .          Rampage  .   (no gloves)
Will    .....                   (boots unavailable)
Stlth   ++........              (no amulet)
HPRegen 0.09/turn               (no ring)
MPRegen 0.00/turn               (no ring)

@: flying, unable to read
A: sickness immunity, fire resistance 2, cold vulnerability 1, float, innate
caster, hp casting, extra vitality 1, inability to read while threatened
a: no special abilities


You were on level 2 of the Dungeon.
You visited 1 branch of the dungeon, and saw 2 of its levels.

You collected 83 gold pieces.

Inventory:

Hand Weapons
 f - a +0 dagger (weapon)
Armour
 a - a +0 robe (worn)
Scrolls
 b - 2 scrolls of identify {unknown}
 c - a scroll of blinking {unknown}
 d - a scroll of fear {unknown}
Potions
 e - a potion of heal wounds {unknown}
 g - a potion of mutation


   Skills:
 * Level 1.0 Fighting
 + Level 2.2 Dodging
 + Level 1.7 Stealth
 * Level 3.3 Spellcasting


You couldn't memorise any spells.
You knew the following spells:

 Your Spells              Type           Power      Damage    Failure   Level
a - Foxfire               Conj/Fire      56%        2x1d6     4%          1
b - Conjure Flame         Conj/Fire      14%        6-21      13%         3
c - Inner Flame           Hex/Fire       14%        N/A       13%         3
d - Sticky Flame          Conj/Fire      14%        2d4       38%         4
e - Fireball              Conj/Fire      7%         3d5       75%         5
f - Beastly Appendage     Tmut           28%        N/A       4%          1
Your spell library was empty.

Dungeon Overview and Level Annotations

Branches:
Dungeon (2/15)

Altars:

Annotations:
D:2 Robin


Innate Abilities, Weirdness & Mutations

You are immune to sickness and miasma.
You are immune to poison.
Your flesh is very heat resistant. (rF++)
You are vulnerable to cold. (rC-)
You float through the air rather than walking.
You learn spells naturally, not from books.
Your magical power is your life essence.
You have superior vitality. (+4 HP)
You sometimes lose the ability to read scrolls when taking damage.


Message History

Robin is severely wounded.
Robin closely misses you.
Casting: Foxfire (safe; 4% risk of failure)
Press: ? - help, Q - select action, (/) - cycle Dir - look around, f - activate You conjure some foxfire!
The foxfire hits the hobgoblin but does no damage.
Robin hits you with a +0 mace.
Unknown command.
The foxfire hits Robin.
Robin is severely wounded.
Casting: Foxfire (safe; 4% risk of failure)
Press: ? - help, Q - select action, (/) - cycle Dir - look around, f - activate You conjure some foxfire!
The foxfire hits the hobgoblin.
The hobgoblin is lightly wounded.
Robin barely misses you.
The foxfire hits Robin but does no damage.
Robin is severely wounded.
Casting: Foxfire (safe; 4% risk of failure)
Press: ? - help, Q - select action, (/) - cycle Dir - look around, f - activate You conjure some foxfire!
Robin hits you with a +0 mace.
* * * LOW HITPOINT WARNING * * *
Unknown command.
The foxfire hits Robin but does no damage.
Robin is severely wounded.
The foxfire hits Robin.
Robin is almost dead.
Unknown command.
You aren't carrying any items that you can evoke.
It was a potion of mutation.
You feel extremely strange.
You lose the ability to read scrolls when threatened.
The hobgoblin barely misses you. Robin closely misses you.
Casting: Foxfire (safe; 4% risk of failure)
Press: ? - help, Q - select action, (/) - cycle Dir - look around, f - activate You conjure some foxfire!
* * * LOW HITPOINT WARNING * * *
The hobgoblin hits you.
You feel threatened and lose the ability to read scrolls!
You die...

#.#####.###########......###
#.........# #......#
#..)..)...# #......#
#.........### #......#
.#####†####....###...)..###
#...............'...........
#####..)........#.##########
#.......v...#.# ...
#......@v...#.# ###
#......gg...#.#
#....†......#.#
#...........#.#
#.......#####.#
############'#.........#
...........#.#.#########
##########.#.#.# #.#.#.#


You could see Robin (ally target) and a hobgoblin (strong, ally target).

Vanquished Creatures
  2 dart slugs (D:1)
  5 ball pythons
  A bat (D:1)
  3 endoplasms
  3 giant cockroaches (D:1)
  10 goblins
  2 hobgoblins
  2 jackals (D:1)
  4 kobolds
  A quokka (D:1)
  A frilled lizard (D:1)
  3 rats
37 creatures vanquished.

Vanquished Creatures (others)
  179 foxfires
179 creatures vanquished.

Grand Total: 216 creatures vanquished

Notes
Turn   | Place    | Note
-------+----------+-------------------------------------------
     0 | D:1      | robertstho the Djinni Fire Elementalist began the quest for
                  | the Orb.
     0 | D:1      | Reached XP level 1. HP: 15/15 MP: 0/0
   370 | D:1      | Found a faded altar of an unknown god.
   471 | D:1      | Reached XP level 2. HP: 19/22 MP: 0/0
   747 | D:1      | Reached skill level 3 in Spellcasting
   969 | D:1      | Reached XP level 3. HP: 25/26 MP: 0/0
   969 | D:1      | Learned a level 1 spell: Beastly Appendage
  2161 | D:2      | Reached skill level 1 in Fighting
  2511 | D:2      | Noticed Robin
  2527 | D:2      | Gained mutation: You sometimes lose the ability to read
                  | scrolls when taking damage. [potion of mutation]
  2529 | D:2      | Slain by a hobgoblin

Illustrated notes

Levels and vault maps discovered:
D:1:      mrwooster_arrival_statue_2, layout_loops_ring,
          dreamdust_ecumenical_altar_statues, minmay_misc_feat_doors
D:2:      layout_basic, uniq_robin

Skill      XL: |  1  2  3 |
---------------+----------+-----
Spellcasting   | 3 |  3.3
Fighting       | 1 |  1.0
Dodging        | |  2.2
Stealth        | |  1.7

Action                   || total
-------------------------++-------
 Cast: Foxfire           ||   123
  Use: Potion            ||     1
Armor: Robe              ||     4
Dodge: Dodged            ||    15

Table legend: (Time is in decaauts)
 A = Elapsed time spent in this place.
 B = Non-inter-level travel time spent in this place.
 C = Inter-level travel time spent in this place.
 D = Time resting spent in this place.
 E = Time spent auto-exploring this place.
 F = Levels seen in this place.
 G = Mean time per level.
                   A        B        C        D        E       F      G
               +--------+--------+--------+--------+--------+-----+--------+
         Total |   2528 |   2491 |     37 |      0 |   2217 |   2 | 1264.0 |
       Dungeon |   2528 |   2491 |     37 |      0 |   2217 |   2 | 1264.0 |
               +--------+--------+--------+--------+--------+-----+--------+

Top non-repeatable levels by time:
     D:1: 1700 daAuts
     D:2: 828 daAuts
